 Dungeon Crawl Stone Soup version 0.29-a0-271-gd4eb659eea (webtiles) character file.

Game seed: 11100973617186498298

27 spaghetti the Skirmisher (level 2, 0/24 HPs)
             Began as a Demonspawn Gladiator on Mar 8, 2022.
             Slain by a kobold
             ... wielding a +0 dagger
              (2 damage)
             ... on level 2 of the Dungeon.
             The game lasted 00:01:03 (875 turns).

spaghetti the Skirmisher (Demonspawn Gladiator)      Turns: 875, Time: 00:01:03

Health: 0/24       AC:  6    Str: 14    XL:     2   Next: 93%
Magic:  2/2        EV: 12    Int:  9    God:
Gold:   19         SH:  0    Dex: 14    Spells: 1/1 levels left

rFire   . . .      SeeInvis .   a - +0 quarterstaff {staff}
rCold   . . .      Faith    .   (shield currently unavailable)
rNeg    . . .      Spirit   .   b - +0 leather armour
rPois   .          Reflect  .   c - +1 helmet
rElec   .          Harm     .   (no cloak)
rCorr   .          Rampage  .   (no gloves)
Will    .....                   (no boots)
Stlth   +.........              (no amulet)
HPRegen 0.08/turn               (no ring)
MPRegen 0.08/turn               (no ring)

@: no status effects
A: rugged brown scales 1
a: no special abilities


You were on level 2 of the Dungeon.
You visited 1 branch of the dungeon, and saw 2 of its levels.

You collected 19 gold pieces.


Innate Abilities, Weirdness & Mutations

You are partially covered in rugged brown scales. (AC +1, +3% HP)


   Skills:
 + Level 3.5 Fighting
 - Level 2.6 Staves
 - Level 1.7 Throwing
 - Level 2.6 Dodging


You had one spell level left.
You didn't know any spells.
Your spell library was empty.

Inventory:

Hand Weapons
 a - a +0 quarterstaff (weapon) {staff}
Missiles
 d - 3 throwing nets (quivered) {=f!fthrowing}
 e - a javelin {throwing}
 h - 72 stones {throwing}
Armour
 b - a +0 leather armour (worn)
 c - a +1 helmet (worn)
Jewellery
 f - a ring of positive energy
   (You found it on level 1 of the Dungeon)

Dungeon Overview and Level Annotations

Branches:
Dungeon (2/15)

Altars:

....#.##'
..........
.........#####
..............#
#.............#
#.............+
.......Kg....#.#
#####......@†.....#
#..........####.#..
#..........##
#...........#
#.........#.......
#.........#.......
###.......##......
####.......##......
#...........#......


You could see a goblin and a kobold.


Message History

No target in view!
No target in view!
Key pressed, stopping explore.
An adder and a goblin come into view.
The adder hisses angrily.
The goblin shouts! 😎 HP[+1]
Your hp is fully restored (24).
There are monsters nearby!
The adder barely misses you.
You miss the adder.
Something unseen opens the door.
The adder bites you.
An adder comes into view.
A kobold comes into view. It is wielding a +0 dagger. 😕 HP[-4]
You take 4 damage, and now have 20/24 hp.
The adder hisses angrily.
You hit the adder. The adder barely misses you. The adder bites you.
You are poisoned.
The adder poisons you! 😮 HP[-2]
You take 2 damage, and now have 18/24 hp.
You completely miss the adder.
You feel sick. The adder bites you but does no damage.
The goblin misses you. 😮 HP[-2]
You take 2 damage, and now have 16/24 hp.
You miss the adder.
You feel sick. The adder barely misses you.
The goblin hits you but does no damage. The adder bites you. 😮 HP[-2]
You take 2 damage, and now have 14/24 hp.
You barely miss the adder.
You feel sick. The adder closely misses you.
The goblin hits you with a +0 club.
* * * LOW HITPOINT WARNING * * *
😨 HP[-2]
You take 2 damage, and now have 12/24 hp.
It was a potion of curing.
You feel better. The adder misses you. The adder closely misses you.
The goblin hits you but does no damage. The adder barely misses you.
The adder completely misses you. 😕 HP[+10]
You regained 10 hp, and now have 22/24 hp.
You hit the adder. The goblin hits you but does no damage.
The adder barely misses you. The adder bites you. 😕 HP[-3]
You take 3 damage, and now have 19/24 hp.
You hit the adder but do no damage. The adder barely misses you. x2
The kobold closely misses you. The goblin closely misses you.
The adder bites you but does no damage. The adder bites you.
The kobold closely misses you. The goblin barely misses you. 😮 HP[-3]
You take 3 damage, and now have 16/24 hp.
You hit the adder.
You kill the adder!
The adder bites you but does no damage. The kobold completely misses you.
The goblin barely misses you.
You hit the adder. The adder barely misses you. The adder bites you.
* * * LOW HITPOINT WARNING * * *
You are poisoned.
The adder poisons you! The goblin closely misses you.
The kobold hits you but does no damage. 😨 HP[-4]
You take 4 damage, and now have 12/24 hp.
You closely miss the adder.
You feel sick. The adder barely misses you. The goblin closely misses you.
The kobold hits you with a +0 dagger.
* * * LOW HITPOINT WARNING * * *
The adder bites you but does no damage. 😨 HP[-4]
You take 4 damage, and now have 8/24 hp.
You barely miss the adder.
You feel sick. The kobold barely misses you. The goblin closely misses you.
The adder bites you.
* * * LOW HITPOINT WARNING * * *
😱 HP[-2]
You take 2 damage, and now have 6/24 hp.
You sock the adder!
You feel sick.
You are no longer poisoned.
The adder bites you.
* * * LOW HITPOINT WARNING * * *
The goblin barely misses you. The kobold hits you but does no damage.
The adder bites you but does no damage. The goblin barely misses you.
The kobold hits you but does no damage. 😱 HP[-2]
You take 2 damage, and now have 4/24 hp.
You miss the adder. The adder bites you but does no damage.
The kobold hits you but does no damage. The goblin closely misses you.
You miss the adder. The adder bites you but does no damage.
The goblin hits you with a +0 club.
* * * LOW HITPOINT WARNING * * *
The kobold hits you but does no damage. The adder misses you. 😱 HP[-1]
You take 1 damage, and now have 3/24 hp.
You miss the adder. The adder barely misses you.
The goblin hits you but does no damage. The kobold barely misses you. 😱 HP[+1]
You hit the adder. The adder bites you but does no damage.
The kobold barely misses you. The goblin hits you but does no damage.
The adder bites you.
* * * LOW HITPOINT WARNING * * *
😱 HP[-2]
You take 2 damage, and now have 2/24 hp.
You sock the adder!
You kill the adder!
The kobold hits you with a +0 dagger.
You die...

Skill      XL: |  1  2 |
---------------+-------+-----
Fighting       | 3 |  3.5
Staves         | |  2.6
Throwing       | |  1.7
Dodging        | |  2.6

Action                   || total
-------------------------++-------
Melee: Quarterstaff      ||    69
  Use: Scroll            ||     5
       Potion            ||     1
Armor: Leather armour    ||    35
Dodge: Dodged            ||    67

Levels and vault maps discovered:
D:1:      psy_arrival_heroes, layout_basic, chequers_serial_rivers_small_a
D:2:      layout_basic, chequers_serial_rivers_micro_c

Notes
Turn   | Place    | Note
-------+----------+-------------------------------------------
     0 | D:1      | spaghetti the Demonspawn Gladiator began the quest for the
                  | Orb.
     0 | D:1      | Reached XP level 1. HP: 16/16 MP: 1/1
     0 | D:1      | magus.rc [v1.9.6]
   442 | D:1      | Gained mutation: You are partially covered in rugged brown
                  | scales. (AC +1, +3% HP) [demonic ancestry]
   442 | D:1      | Reached XP level 2. HP: 17/23 MP: 2/2
   678 | D:2      | Reached skill level 3 in Fighting
   869 | D:2      | HP: 6/24 [adder (1)]
   874 | D:2      | HP: 2/24 [adder (2)]
   875 | D:2      | Slain by a kobold

Vanquished Creatures
  2 adders (D:2)
  3 bats
  3 endoplasms
  2 giant cockroaches
  A goblin (D:1)
  3 frilled lizards
  3 kobolds
  2 rats
19 creatures vanquished.

Table legend:
 A = Non-vault XP
 B = Vault XP
 C = Vault XP percentage of total XP
 D = Non-vault monster count
 E = Vault monster count
 F = Vault count percentage of total count
                 A         B        C        D         E       F
            +---------+---------+-------+---------+---------+-------
      Total |      52 |       0 |   0.0 |      19 |       0 |   0.0
            +---------+---------+-------+---------+---------+-------
        D:1 |      16 |       0 |   0.0 |      10 |       0 |   0.0
        D:2 |      36 |       0 |   0.0 |       9 |       0 |   0.0
            +---------+---------+-------+---------+---------+-------

Illustrated notes

Table legend:
 A = Kills in this place as a percentage of kills in entire the game.
 B = Kills by you in this place as a percentage of kills by you in the entire game.
 C = Kills by friends in this place as a percentage of kills by friends in the entire game.
 D = Other kills in this place as a percentage of other kills in the entire game.
 E = Experience gained in this place as a percentage of experience gained in the entire game.
 F = Experience gained in this place divided by the number of levels of this place that you have seen.
                   A       B       C       D       E      F
               +-------+-------+-------+-------+-------+----------------------
         Total | 100.0 | 100.0 |   N/A |   N/A | 100.0 |  26.0
       Dungeon | 100.0 | 100.0 |   N/A |   N/A | 100.0 |  26.0
               +-------+-------+-------+-------+-------+----------------------

Table legend: (Time is in decaauts)
 A = Elapsed time spent in this place.
 B = Non-inter-level travel time spent in this place.
 C = Inter-level travel time spent in this place.
 D = Time resting spent in this place.
 E = Time spent auto-exploring this place.
 F = Levels seen in this place.
 G = Mean time per level.
                   A        B        C        D        E       F      G
               +--------+--------+--------+--------+--------+-----+--------+
         Total |    887 |    874 |     13 |    113 |    605 |   2 |  443.5 |
       Dungeon |    887 |    874 |     13 |    113 |    605 |   2 |  443.5 |
               +--------+--------+--------+--------+--------+-----+--------+

Top non-repeatable levels by time:
     D:1: 636 daAuts
     D:2: 251 daAuts
